 Dungeon Crawl Stone Soup version 0.26.1-2-gb8aa6d0cf2 (webtiles) character file.

Game seed: 6368231819810870175

9239 Electrofox the Thaumaturge (level 11, 0/74 HPs)
             Began as a Yellow Draconian Ice Elementalist on Mar 27, 2021.
             Was a High Priest of Sif Muna.
             Slain by a freezing wraith (12 damage)
             ... in an ice cave on Mar 28, 2021.
             The game lasted 01:52:36 (17286 turns).

Electrofox the Thaumaturge (DrIE)                  Turns: 17286, Time: 01:52:36

Health: 0/74       AC: 10    Str: 11    XL:     11   Next: 20%
Magic:  32/34      EV: 12    Int: 18    God:    Sif Muna [*****.]
Gold:   615        SH:  0    Dex: 12    Spells: 9/31 levels left

rFire    . . .     SeeInvis .   w - +7 flail "Wuozowu" {elec, rPois Will+}
rCold    . . .     Faith    .   (no shield)
rNeg     . . .     Spirit   .   (armour unavailable)
rPois    +         Reflect  .   (helmet restricted)
rElec    .         Harm     .   o - +0 cloak
rCorr    +         Rampage  .   v - +0 pair of gloves (curse)
Will     ++...                  E - +0 pair of boots
Stlth    ++........             u - amulet of magic regeneration
HPRegen  0.22/turn              A - ring of magical power
MPRegen  0.49/turn              n - ring of willpower

@: slowed, very slow
A: spit acid, unfitting armour, cold-blooded, acid resistance, AC +7
a: Breathe Acid, Renounce Religion, Channel Magic, Forget Spell, Divine Exegesis


You were in an ice cave.
You worshipped Sif Muna.
Sif Muna was extremely pleased with you.
You visited 2 branches of the dungeon, and saw 12 of its levels.
You also visited: Sewer and Ice Cave.

You collected 663 gold pieces.
You spent 48 gold pieces at shops.

Inventory:

Hand Weapons
 w - the +7 flail "Wuozowu" (weapon) {elec, rPois Will+}
   (You found it on level 6 of the Dungeon)

   Occasionally, upon striking a foe, it can discharge electrical energy and
   cause terrible harm.
   It protects you from poison.
   It affects your willpower, your defense against some magical effects.
Missiles
 a - 4 curare-tipped darts
 g - 36 poisoned darts (quivered)
Armour
 o - a +0 cloak (worn)
 v - a cursed +0 pair of gloves (worn)
 E - a +0 pair of boots (worn)
Magical Staves
 H - an uncursed staff of fire
Jewellery
 h - a +6 ring of strength
 n - a ring of willpower (right hand)
 q - an uncursed ring of stealth
 u - an amulet of magic regeneration (around neck)
 y - an uncursed amulet of faith {unknown}
 A - a ring of magical power (left hand)
 F - an uncursed ring of wizardry
Wands
 i - a wand of polymorph (10)
 s - a wand of iceblast (15)
 B - a wand of acid (6)
 G - a wand of flame (15)
Scrolls
 d - 10 scrolls of remove curse
 j - 4 scrolls of magic mapping
 p - 4 scrolls of immolation {unknown}
 t - 5 scrolls of teleportation
 x - 2 scrolls of blinking {unknown}
 z - 2 scrolls of enchant weapon {unknown}
 I - 2 scrolls of enchant armour {unknown}
 K - a scroll of identify
Potions
 b - 2 potions of resistance {unknown}
 c - 3 potions of haste {unknown}
 e - 5 potions of might
 f - 5 potions of heal wounds
 k - 3 potions of brilliance
 l - 2 potions of flight {unknown}
 m - 5 potions of curing
 r - 2 potions of attraction {unknown}
 C - 2 potions of magic {unknown}
 D - a potion of ambrosia {unknown}
Miscellaneous
 J - a lightning rod (4/4)


   Skills:
 * Level 7.3 Maces & Flails
 - Level 1.7 Dodging
 - Level 1.7 Stealth
 + Level 10.8 Spellcasting
 - Level 4.0 Conjurations
 - Level 6.0 Hexes
 - Level 3.0 Fire Magic
 - Level 8.0 Ice Magic


You had 9 spell levels left.
You knew the following spells:

 Your Spells              Type           Power        Failure   Level
a - Freeze                Ice            100%         1%          1
b - Frozen Ramparts       Ice            76%          1%          3
c - Ozocubu's Armour      Ice            38%          1%          3
d - Hailstorm             Conj/Ice       31%          6%          4
e - Searing Ray           Conj           48%          2%          2
f - Slow                  Hex            31%          1%          2
g - Inner Flame           Hex/Fire       25%          3%          3
h - Cause Fear            Hex            15%          6%          4

Your spell library contained the following spells:

 Spells                   Type           Power        Failure   Level
 Corona                   Hex            34%          1%          1
 Magic Dart               Conj           96%          1%          1
 Dazzling Flash           Conj/Hex       54%          2%          3
 Conjure Flame            Conj/Fire      22%          5%          3
 Portal Projectile        Hex/Tloc       40%          6%          3
 Animate Skeleton         Necr           18%          8%          1
 Pain                     Necr           36%          8%          1
 Fulminant Prism          Conj/Hex       13%          10%         4
 Blink                    Tloc           N/A          11%         2
 Call Imp                 Summ           9%           11%         2
 Mephitic Cloud           Conj/Pois/Air  14%          13%         3
 Summon Ice Beast         Ice/Summ       24%          14%         4
 Vampiric Draining        Necr           4%           22%         3
 Leda's Liquefaction      Hex/Erth       10%          22%         4
 Iskenderun's Mystic Bla  Conj/Tloc      16%          32%         4
 Animate Dead             Necr           4%           58%         4
 Agony                    Necr           9%           90%         5


Dungeon Overview and Level Annotations

Branches:
Dungeon (11/15)            Temple (1/1) D:4            Lair (0/6) D:8
  Sewer (visited)           IceCv (1/1)
    Orc: D:9-12

Altars:
Ashenzari
Cheibriados
Dithmenos
Elyvilon
Fedhas
Gozag
Hepliaklqana
Kikubaaqudgha
Makhleb
Nemelex Xobeh
Okawaru
Qazlal
Ru
Sif Muna
Trog
Uskayaw
Vehumet
Wu Jian
Xom
Yredelemnul
Zin
The Shining One

Shops:
D:4 !:?!

Annotations:
D:3 exclusion: kobold, Robin, Sigmund
D:4 exclusion: upstairs, Edmund
D:6 exclusions: 3 doors, orc priest and orc warrior
D:9 1 runed translucent door, exclusion: door


Innate Abilities, Weirdness & Mutations

You can spit globs of acid.
Your golden yellow scales are hard. (AC +7)
You cannot fit into any form of body armour.
You are cold-blooded and may be slowed by cold attacks.
You are resistant to acid. (rCorr)


Message History

You feel yourself slow down. The freezing wraith closely misses you.
Casting: Slow (safe; 1% risk of failure)
Confirm with . or Enter, or press ? or * to list all spells.
Aiming: Slow (safe; 1% risk of failure)
Press: ? - help, Shift-Dir - straight line, f/p - freezing wraith
Aim: a freezing wraith (chance to affect: 53%)
The freezing wraith resists with significant effort.
The freezing wraith barely misses you. The freezing wraith hits you!
* * * LOW HITPOINT WARNING * * *
You barely miss the freezing wraith.
You feel yourself speed up.
The freezing wraith hits you but does no damage.
The freezing wraith hits you.
* * * LOW HITPOINT WARNING * * *
The freezing wraith drains your vigour!
You feel yourself slow down. The freezing wraith hits you.
* * * LOW HITPOINT WARNING * * *
The freezing wraith freezes you!
You feel as though you will be slow longer.
You die...

###### ###....##
#.......#
#...###W.##
#...###@.##
#...###..## #...#
#...# ...# #..##
##### ..# #...###
###...#### ##
##....###........##
##...............##
####.............#
##............#


You could see a freezing wraith.

Vanquished Creatures
  A two-headed ogre (D:10)
  A centaur skeleton (D:10)
  A komodo dragon (D:8)
  2 rime drakes (D:11)
  2 freezing wraiths (IceCv)
  A wyvern (D:8)
  10 yaks (D:10)
  3 orc warriors
  8 ice beasts
  2 black bears
  4 sky beasts
  An eye of draining (D:10)
  4 ogres
  3 phantoms
  4 centaurs
  2 big kobolds
  Blork the orc (D:6)
  5 bullfrogs
  2 scorpions
  An elephant simulacrum (IceCv)
  4 wights (D:8)
  11 howler monkeys
  3 centaur zombies
  A bullfrog zombie (D:10)
  A jelly (D:9)
  3 hounds
  7 orc priests
  2 bullfrog skeletons
  A gnoll shaman (D:8)
  Terence (D:3)
  Ijyb (D:3)
  2 iguanas
  10 orc wizards
  A polar bear simulacrum (IceCv)
  6 worker ants
  2 wolf simulacra (IceCv)
  3 killer bee zombies
  2 hound skeletons (D:8)
  A worker ant zombie (D:7)
  A howler monkey skeleton (D:9)
  A howler monkey zombie (D:7)
  10 gnolls
  11 adders
  4 shadow imps
  7 white imps
  An ufetubus (D:6)
  An ooze (D:1)
  2 adder skeletons
  3 worms
  5 leopard geckos
  18 orcs
  6 ball pythons
  5 giant cockroaches
  13 hobgoblins
  24 jackals
  27 kobolds
  5 quokkas
  7 bats
  9 frilled lizards
  9 goblins
  A leopard gecko skeleton (D:4)
  A quokka skeleton (D:5)
  A quokka zombie (D:10)
  8 rats
300 creatures vanquished.

Vanquished Creatures (others)
  10 plants
10 creatures vanquished.

Grand Total: 310 creatures vanquished

Notes
Turn   | Place    | Note
-------+----------+-------------------------------------------
     0 | D:1      | Electrofox the Draconian Ice Elementalist began the quest
                  | for the Orb.
     0 | D:1      | Reached XP level 1. HP: 14/14 MP: 3/3
   268 | D:1      | Reached XP level 2. HP: 12/20 MP: 0/5
   975 | D:1      | Reached XP level 3. HP: 26/26 MP: 3/6
  1714 | D:2      | Learned a level 3 spell: Frozen Ramparts
  1718 | D:2      | Learned a level 3 spell: Ozocubu's Armour
  1738 | D:2      | Found an ancient bone altar of Kikubaaqudgha.
  1747 | D:2      | Found a burning altar of Makhleb.
  1747 | D:2      | Found a shimmering altar of Xom.
  1798 | D:2      | Found a stormy altar of Qazlal.
  1877 | D:2      | Reached skill level 5 in Ice Magic
  2145 | D:2      | Reached XP level 4. HP: 33/33 MP: 6/8
  2720 | D:3      | Noticed Ijyb
  2868 | D:3      | Reached skill level 3 in Spellcasting
  2915 | D:3      | Noticed Terence
  2926 | D:3      | Killed Terence
  3024 | D:3      | Reached XP level 5. HP: 20/38 MP: 3/9
  3611 | D:3      | Found an ornate altar of the Wu Jian Council.
  3612 | D:3      | Noticed Robin
  3661 | D:3      | Noticed Sigmund
  4374 | D:4      | Found Wesaeg's Distillery.
  4454 | D:4      | Noticed Edmund
  4487 | D:4      | Found a staircase to the Ecumenical Temple.
  4499 | Temple   | Entered the Ecumenical Temple
  4926 | D:4      | Found Vekhlal's Magic Scroll Boutique.
  4994 | D:4      | Reached XP level 6. HP: 45/45 MP: 7/11
  5052 | D:4      | Found Tiyvyg's Distillery.
  5063 | D:4      | Bought a potion of curing for 36 gold pieces
  5063 | D:4      | Bought a potion of degeneration for 12 gold pieces
  5215 | D:4      | Learned a level 4 spell: Hailstorm
  5264 | D:4      | Found Bouv's Book Emporium.
  5729 | D:5      | Entered Level 5 of the Dungeon
  5987 | D:5      | Found a hide-covered altar of Uskayaw.
  6037 | D:5      | Noticed a sky beast
  6087 | D:5      | Reached skill level 4 in Spellcasting
  6214 | D:4      | Learned a level 2 spell: Searing Ray
  6323 | D:5      | Killed a sky beast
  6324 | D:5      | Reached skill level 1 in Conjurations
  6545 | D:5      | Your scales start taking on a golden yellow colour.
  6545 | D:5      | Reached XP level 7. HP: 50/50 MP: 10/13
  6545 | D:5      | Gained mutation: You are resistant to acid. (rCorr) [Yellow
                  | Draconian growth]
  6793 | D:5      | Found a shimmering blue altar of Sif Muna.
  6801 | D:5      | Became a worshipper of Sif Muna the Loreminder
  7123 | D:6      | Got a fine flail
  7267 | D:6      | Found a glowing drain.
  7271 | Sewer    | Entered a sewer
  7663 | Sewer    | Reached * piety under Sif Muna
  8527 | D:6      | Reached skill level 5 in Spellcasting
  8603 | D:6      | Reached XP level 8. HP: 57/57 MP: 11/16
  8711 | D:6      | Found a blossoming altar of Fedhas.
  8947 | D:6      | Noticed Blork the orc
  8964 | D:6      | Killed Blork the orc
  9093 | D:6      | Found a glowing silver altar of Zin.
  9304 | D:6      | Reached skill level 6 in Spellcasting
  9334 | D:6      | Learned a level 2 spell: Slow
  9821 | D:7      | Reached skill level 1 in Hexes
 10681 | D:3      | Killed Ijyb
 10776 | D:3      | Reached ** piety under Sif Muna
 11173 | D:7      | Reached XP level 9. HP: 30/62 MP: 9/19
 11798 | D:7      | Found a basalt altar of Yredelemnul.
 11798 | D:7      | Found a bloodstained altar of Trog.
 11803 | D:7      | Found a faded altar of an unknown god.
 11808 | D:7      | Found a faded altar of an unknown god.
 11817 | D:7      | Found a radiant altar of Vehumet.
 12258 | D:7      | Reached skill level 7 in Spellcasting
 12348 | D:7      | Reached skill level 5 in Hexes
 12835 | D:8      | Learned a level 3 spell: Inner Flame
 12851 | D:8      | Learned a level 4 spell: Cause Fear
 12880 | D:8      | Reached skill level 1 in Fire Magic
 13297 | D:8      | Reached skill level 8 in Spellcasting
 13893 | D:8      | Reached *** piety under Sif Muna
 14697 | D:8      | Found a shadowy altar of Dithmenos.
 14801 | D:8      | Found a staircase to the Lair.
 14809 | D:8      | Noticed a komodo dragon
 14859 | D:8      | Killed a komodo dragon
 14860 | D:8      | Reached skill level 9 in Spellcasting
 14860 | D:8      | Reached XP level 10. HP: 69/69 MP: 19/23
 15319 | D:9      | Found a runed translucent door.
 15639 | D:9      | Identified the +7 flail "Wuozowu" {elec, rPois Will+} (You
                  | found it on level 6 of the Dungeon)
 15875 | D:9      | Reached skill level 1 in Maces & Flails
 16031 | D:10     | Entered Level 10 of the Dungeon
 16094 | D:10     | Noticed a two-headed ogre
 16108 | D:10     | Killed a two-headed ogre
 16109 | D:10     | Reached skill level 10 in Spellcasting
 16243 | D:10     | Reached **** piety under Sif Muna
 16294 | D:10     | Reached skill level 5 in Maces & Flails
 16698 | D:10     | Reached XP level 11. HP: 69/74 MP: 16/25
 16743 | D:10     | Found an opulent altar of Gozag.
 16849 | D:11     | Found a frozen archway.
 16951 | IceCv    | Entered an ice cave
 17272 | IceCv    | Reached ***** piety under Sif Muna
 17286 | IceCv    | Slain by a freezing wraith

Illustrated notes

Levels and vault maps discovered:
D:1:      ncdulo_watergridlock, layout_basic, serial_curves, eino_curves_03,
          eino_curves_02, hangedman_decor_growths
D:2:      layout_loops_corners, grunt_temple_overflow_open,
          grunt_qazlal_sundering
D:3:      layout_loops_ring, nicolae_overflow_hidden_temple,
          kennysheep_generic_room_11, uniq_sigmund, uniq_robin, uniq_ijyb,
          uniq_terence
D:4:      layout_loops_corners, minmay_temple_entry_glassed_door, serial_shops,
          nicolae_shop_stone, shop, kennysheep_mini, kennysheep_little_box,
          kennysheep_generic_room_13, uniq_edmund
D:5:      layout_loops_cross, overflow_temple_1_default, marbit_many_paths
D:6:      layout_loops_corners, fedhas_altar_4, lemuel_round_altar,
          gup_sewer_entry_spiral, minmay_statues_item, kennysheep_donut,
          minmay_a_box_with_orc_wizards_in_it, uniq_blork_the_orc
D:7:      layout_basic, chequers_temple_overflow_minitemple, serial_glass,
          glass_columns_c, glass_columns_a
D:8:      layout_cave_pods, nicolae_dithmenos_through_a_glass_darkly,
          david_lair_shrubbed
D:9:      layout_rooms, minmay_st_funbox
D:10:     layout_roguey, nicolae_gozag_cash_rules_everything_around_me
D:11:     layout_stronghold, portal_ice_cave_rime, nicolae_tso_carved_into_rock
Temple:   compressed_dpeg_triangle_lava_temple
IceCv:    ice_cave_small_necro

Skill      XL: |  1  2  3  4  5  6  7  8  9 10 11 |
---------------+----------------------------------+-----
Ice Magic      | 5 6 7 8 |  8.0
Spellcasting   | 3 4 5 6 9 10 | 10.8
Conjurations   | 1 4 |  4.0
Hexes          | 4 6 |  6.0
Fire Magic     | 3 |  3.0
Maces & Flails | 6 7 |  7.3
Dodging        | |  1.7
Stealth        | |  1.7

Action                   |  1- 3 |  4- 6 |  7- 9 | 10-12 || total
-------------------------+-------+-------+-------+-------++-------
Melee: Unarmed           |     3 |       |       |       ||     3
       Short sword       |    12 |    23 |       |       ||    35
       Tailslap          |       |     5 |    28 |     9 ||    42
       Whip              |       |    46 |   141 |    16 ||   203
       Flail             |       |       |       |    62 ||    62
Throw: Dart              |     8 |    21 |    33 |     3 ||    65
 Cast: Freeze            |    66 |    66 |    97 |    19 ||   248
       Ozocubu's Armour  |       |     6 |     8 |     6 ||    20
       Frozen Ramparts   |       |     2 |     6 |     8 ||    16
       Searing Ray       |       |     3 |    38 |    27 ||    68
       Slow              |       |       |    29 |    12 ||    41
       Hailstorm         |       |       |    20 |    12 ||    32
       Cause Fear        |       |       |     2 |       ||     2
       Inner Flame       |       |       |     1 |     4 ||     5
 Abil: Breathe Acid      |       |       |     9 |     2 ||    11
  Use: Scroll            |       |     3 |     5 |     3 ||    11
 Stab: Sleeping          |     1 |     1 |       |       ||     2
Armor: Skin              |    17 |    40 |   122 |    46 ||   225
Dodge: Dodged            |    30 |    73 |   178 |    55 ||   336
